[Event "2022 John Brooke Cup"]
[Site "Woodvale, Perth WA AUS"]
[Date "2022.09.07"]
[Round "5"]
[White "Lanham, Bruce"]
[Black "De Vas, Senudi"]
[Result "0-1"]
[EventDate "2022.08.10"]
[EventType "swiss"]
[EventRounds "7"]
[EventCountry "AUS"]
[TimeControl "3600+30"]
[WhiteElo "1168"]
[BlackElo "1050"]
[ECO "D02"]
[PlyCount "66"]

1. d4 d5 2. Nf3 e6 3. g3 Nf6 4. Bg2 Bd6 5. O-O O-O 6. c4 dxc4 7. Nc3 Nbd7 8.
Nd2 Nb6 9. e4 e5 10. d5 c6 11. dxc6 bxc6 12. Re1 Bb7 13. Qe2 Ba6 14. Qd1 Bb4
15. a3 Bxc3 16. bxc3 Qd7 17. Bb2 Rad8 18. Nf3 Qxd1 19. Raxd1 Rxd1 20. Rxd1 Na4
21. Ba1 Nxe4 22. Nxe5 Naxc3 23. Bxc3 Nxc3 24. Rd7 Ne2+ 25. Kf1 c3 26. Nd3 c2
27. Ke1 Bxd3 28. Rxd3 c1=Q+ 29. Rd1 Qxa3 30. Kxe2 Re8+ 31. Kf1 Qa6+ 32. Kg1 c5
33. Bf1 Qa5 0-1

[Event "2022 Wolfgang Leonhardt Cup"]
[Site "Woodvale, Perth WA AUS"]
[Date "2022.09.14"]
[Round "6"]
[White "Maggs, Derwent"]
[Black "Hernandez Mendez, Iker"]
[Result "0-1"]
[EventDate "2022.08.10"]
[EventType "swiss"]
[EventRounds "7"]
[EventCountry "AUS"]
[TimeControl "3600+30"]
[WhiteElo "2340"]
[BlackElo "1826"]
[ECO "B22"]
[PlyCount "90"]

1. e4 c5 2. c3 d5 3. exd5 Qxd5 4. d4 Nc6 5. Nf3 Bg4 6. Be2 e6 7. h3 Bh5 8. a3
Nge7 9. O-O cxd4 10. cxd4 Bxf3 11. Bxf3 Qxd4 12. Qb3 Qb6 13. Qxb6 axb6 14. Be3
b5 15. Nc3 Nf5 16. Nxb5 Nxe3 17. fxe3 Rc8 18. Rac1 Be7 19. Nd4 Bf6 20. b4 Bxd4
21. exd4 Ke7 22. Bxc6 Rxc6 23. Rxc6 bxc6 24. Kf2 Kd6 25. Ke3 f6 26. a4 Rb8 27.
Rb1 Kd5 28. Kd3 e5 29. dxe5 fxe5 30. Kc3 Ra8 31. Rd1+ Ke4 32. a5 c5 33. bxc5
Rxa5 34. Kc4 Ra2 35. Rc1 Ra4+ 36. Kb5 Ra8 37. Kc6 Kd3 38. Kd7 e4 39. c6 Kd2 40.
Rb1 e3 41. c7 e2 42. Rb2+ Kd1 43. Rb1+ Kc2 44. Rb8 Ra7 45. Re8 Kd2 0-1

[Event "2022 Wolfgang Leonhardt Cup"]
[Site "Woodvale, Perth WA AUS"]
[Date "2022.09.14"]
[Round "6"]
[White "Doshi, Chirag"]
[Black "De Vas, Saminda"]
[Result "0-1"]
[EventDate "2022.08.10"]
[EventType "swiss"]
[EventRounds "7"]
[EventCountry "AUS"]
[TimeControl "3600+30"]
[WhiteElo "1825"]
[BlackElo "2031"]
[ECO "B34"]
[PlyCount "131"]

1. e4 c5 2. Nf3 Nc6 3. d4 cxd4 4. Nxd4 g6 5. c3 Bg7 6. Be3 Nf6 7. Nd2 O-O 8. f3
d5 9. Nxc6 bxc6 10. e5 Nd7 11. f4 f6 12. exf6 Bxf6 13. Bd3 e5 14. O-O e4 15.
Be2 Qe7 16. Nb3 Bb7 17. Bg4 a5 18. Bxd7 Qxd7 19. Nc5 Qf7 20. f5 Bc8 21. fxg6
Qxg6 22. Qc2 Bg4 23. Kh1 Be5 24. Qd2 Qh5 25. Bf4 Bxf4 26. Rxf4 Rxf4 27. Qxf4
Rf8 28. Qg3 Qg6 29. a4 Bc8 30. Qxg6+ hxg6 31. Kg1 Kg7 32. Rf1 Bf5 33. h3 Rb8
34. g4 Bc8 35. Rf2 Rb6 36. b3 Ba6 37. g5 Bc8 38. Kg2 Bf5 39. h4 Rb8 40. h5 Re8
41. h6+ Kg8 42. Kg3 Kf7 43. Nb7 Ra8 44. Kf4 Ke6 45. Rh2 Rh8 46. Nxa5 Kd6 47.
Nb7+ Kc7 48. Nc5 Kd6 49. b4 d4 50. cxd4 Kd5 51. Ke3 Kc4 52. Rb2 Rd8 53. Nxe4
Re8 54. h7 Rxe4+ 55. Kf3 Rh4 56. b5 cxb5 57. axb5 Rxh7 58. b6 Rb7 59. Ke3 Re7+
60. Kf4 Bc8 61. b7 Bxb7 62. Rxb7 Rxb7 63. Ke5 Rf7 64. d5 Rf5+ 65. Ke6 Rxd5 66.
Kf6 0-1

[Event "2022 Wolfgang Leonhardt Cup"]
[Site "Woodvale, Perth WA AUS"]
[Date "2022.09.14"]
[Round "6"]
[White "Gibson, Jacob"]
[Black "Gough, Dylan"]
[Result "1-0"]
[EventDate "2022.08.10"]
[EventType "swiss"]
[EventRounds "7"]
[EventCountry "AUS"]
[TimeControl "3600+30"]
[WhiteElo "1864"]
[BlackElo "1710"]
[ECO "C07"]
[PlyCount "73"]

1. e4 e6 2. d4 d5 3. Nd2 c5 4. Ngf3 Nc6 5. c3 cxd4 6. cxd4 Bb4 7. e5 Nge7 8. a3
Bxd2+ 9. Bxd2 Qb6 10. Bc3 Bd7 11. Bd3 Ng6 12. g3 Nce7 13. a4 a6 14. h4 Nc6 15.
Rc1 Nb4 16. Bb1 Rc8 17. a5 Qxa5 18. Qd2 Qb6 19. Kf1 Bb5+ 20. Kg2 Nc6 21. h5
Nge7 22. Qg5 Be2 23. Nh4 Kd7 24. Rhe1 Bxh5 25. Qxh5 g6 26. Qg4 Rcf8 27. Qf4 Qd8
28. Nf3 h6 29. Nh2 Nc8 30. Ng4 f5 31. exf6 g5 32. Qf3 h5 33. Ne5+ Nxe5 34. dxe5
Qb6 35. Red1 Ne7 36. Bd4 Qa5 37. Qb3 1-0

[Event "2022 Wolfgang Leonhardt Cup"]
[Site "Woodvale, Perth WA AUS"]
[Date "2022.09.14"]
[Round "6"]
[White "Oswald, Franz"]
[Black "Saxon, Marc"]
[Result "0-1"]
[EventDate "2022.08.10"]
[EventType "swiss"]
[EventRounds "7"]
[EventCountry "AUS"]
[TimeControl "3600+30"]
[WhiteElo "1551"]
[BlackElo "2015"]
[ECO "D96"]
[PlyCount "60"]

1. d4 Nf6 2. c4 g6 3. Nc3 d5 4. Nf3 Bg7 5. Qb3 dxc4 6. Qxc4 Be6 7. Qa4+ Bd7 8.
Qb3 O-O 9. e4 c5 10. d5 Qc7 11. Be2 e6 12. dxe6 Bxe6 13. Bc4 Re8 14. O-O Nc6
15. Nb5 Qb8 16. Bxe6 Rxe6 17. Ng5 Re7 18. Re1 h6 19. Nh3 a6 20. Bf4 Qd8 21. Nc3
Nd4 22. Qd1 Qb6 23. Rb1 Rae8 24. e5 Qc6 25. Qd2 Nd5 26. Bxh6 Rxe5 27. Bxg7 Kxg7
28. Nxd5 Qxd5 29. Nf4 Nf3+ 30. gxf3 Qxd2 0-1

[Event "2022 Wolfgang Leonhardt Cup"]
[Site "Woodvale, Perth WA AUS"]
[Date "2022.09.14"]
[Round "6"]
[White "Garang, Kuol Awan"]
[Black "Clarke, Daniel"]
[Result "0-1"]
[EventDate "2022.08.10"]
[EventType "swiss"]
[EventRounds "7"]
[EventCountry "AUS"]
[TimeControl "3600+30"]
[WhiteElo "1645"]
[BlackElo "1784"]
[ECO "C36"]
[PlyCount "60"]

1. e4 e5 2. f4 exf4 3. Nf3 d5 4. exd5 Bg4 5. Be2 Bxf3 6. Bxf3 Qh4+ 7. Ke2 Nd7
8. Qe1 Qf6 9. c3 Bd6 10. Qf2 Ne7 11. Re1 O-O 12. d4 Nb6 13. Kf1 Nbxd5 14. a3 c6
15. c4 Ne3+ 16. Rxe3 fxe3 17. Bxe3 Nf5 18. Kg1 Rfe8 19. c5 Bxh2+ 20. Kxh2 Nxe3
21. Kg1 Qxd4 22. Nc3 Nc2 23. Rd1 Qxf2+ 24. Kxf2 Rad8 25. Rh1 Rd2+ 26. Kg3 Nd4
27. Ne4 Nxf3 28. gxf3 Rxb2 29. Rh5 Rb3 30. a4 Rxe4 0-1

[Event "2022 Wolfgang Leonhardt Cup"]
[Site "Woodvale, Perth WA AUS"]
[Date "2022.09.14"]
[Round "6"]
[White "De Vas, Yonal"]
[Black "List, Ross"]
[Result "1/2-1/2"]
[EventDate "2022.08.10"]
[EventType "swiss"]
[EventRounds "7"]
[EventCountry "AUS"]
[TimeControl "3600+30"]
[WhiteElo "1523"]
[BlackElo "1755"]
[ECO "D35"]
[PlyCount "55"]

1. d4 d5 2. c4 e6 3. Nc3 Nf6 4. Nf3 Nbd7 5. cxd5 exd5 6. Bf4 c6 7. a3 Be7 8. h3
O-O 9. e3 Re8 10. Rc1 Nf8 11. Bd3 Bd6 12. Bxd6 Qxd6 13. O-O Be6 14. Qc2 Ng6 15.
Rfe1 Ne7 16. e4 dxe4 17. Nxe4 Nxe4 18. Bxe4 g6 19. Ng5 Bd5 20. Bxd5 Nxd5 21.
Ne4 Qc7 22. Qb3 Qb6 23. Qxb6 axb6 24. Nd6 Rxe1+ 25. Rxe1 Rb8 26. Re8+ Rxe8 27.
Nxe8 Kf8 28. Nd6 1/2-1/2

[Event "2022 Wolfgang Leonhardt Cup"]
[Site "Woodvale, Perth WA AUS"]
[Date "2022.09.14"]
[Round "6"]
[White "Janceski, Alex"]
[Black "Hintz, Steven"]
[Result "1-0"]
[EventDate "2022.08.10"]
[EventType "swiss"]
[EventRounds "7"]
[EventCountry "AUS"]
[TimeControl "3600+30"]
[WhiteElo "1930"]
[BlackElo "1572"]
[ECO "E00"]
[PlyCount "63"]

1. d4 Nf6 2. c4 e6 3. a3 d5 4. e3 Be7 5. Nf3 O-O 6. Nbd2 Nbd7 7. b4 b6 8. Bb2
c5 9. dxc5 bxc5 10. b5 a6 11. a4 axb5 12. cxb5 Bb7 13. Be2 c4 14. Bc3 Qb6 15.
O-O Nc5 16. Qc2 Nfe4 17. Nxe4 Nxe4 18. Bd4 Bc5 19. Rfb1 Bxd4 20. Nxd4 e5 21.
Nf5 Nc5 22. Bf3 Rfe8 23. a5 Rxa5 24. Rxa5 Qxa5 25. Nd6 Rd8 26. Nxb7 Nxb7 27. e4
d4 28. Qxc4 Qb6 29. Qc6 Qxc6 30. bxc6 Nd6 31. c7 Rc8 32. Rb8 1-0

[Event "2022 John Brooke Cup"]
[Site "Woodvale, Perth WA AUS"]
[Date "2022.09.14"]
[Round "6"]
[White "Browning, Thomas"]
[Black "Brooke, John"]
[Result "1-0"]
[EventDate "2022.08.10"]
[EventType "swiss"]
[EventRounds "7"]
[EventCountry "AUS"]
[TimeControl "3600+30"]
[WhiteElo "1496"]
[BlackElo "1346"]
[ECO "D15"]
[PlyCount "117"]

1. d4 d5 2. c4 c6 3. Nf3 Bf5 4. Nc3 Nf6 5. Bf4 h6 6. h3 e6 7. e3 Bb4 8. Bd3 Ne4
9. Rc1 Nd7 10. O-O Ndf6 11. Ne5 O-O 12. Nxe4 dxe4 13. Bb1 Qc8 14. c5 Ba5 15. g4
Bh7 16. g5 Nd5 17. gxh6 Nxf4 18. exf4 f5 19. hxg7 Rf6 20. Qh5 Bd2 21. Qg5 Qd8
22. Rcd1 Ba5 23. Kh1 Bc7 24. Rg1 Qe7 25. a3 Bxe5 26. dxe5 Rf7 27. Qxe7 Rxe7 28.
Ba2 Kf7 29. Rd6 Rg8 30. Kh2 Bg6 31. Rg5 Rxg7 32. h4 Ke8 33. Rxe6 Rxe6 34. Bxe6
Kf8 35. Kh3 Bh7 36. Rxg7 Kxg7 37. h5 Kf8 38. Kh4 Ke7 39. Bc8 b6 40. cxb6 axb6
41. Kg5 c5 42. Bxf5 Bxf5 43. Kxf5 c4 44. Kg6 b5 45. h6 Kf8 46. h7 c3 47. bxc3
e3 48. fxe3 b4 49. cxb4 Ke7 50. h8=Q Ke6 51. Qg8+ Kd7 52. e6+ Kd6 53. Kf6 Kd5
54. e7+ Ke4 55. e8=Q+ Kf3 56. Qa8+ Ke2 57. Qgg2+ Kd3 58. Qad5+ Kc3 59. Qgd2#
1-0

[Event "2022 John Brooke Cup"]
[Site "Woodvale, Perth WA AUS"]
[Date "2022.09.14"]
[Round "6"]
[White "Boswarva, Ernest"]
[Black "Massam, Justin"]
[Result "1-0"]
[EventDate "2022.08.10"]
[EventType "swiss"]
[EventRounds "7"]
[EventCountry "AUS"]
[TimeControl "3600+30"]
[WhiteElo "1506"]
[BlackElo "1442"]
[ECO "D00"]
[PlyCount "121"]

1. d4 d5 2. e3 e6 3. Bd3 c5 4. c3 c4 5. Bc2 b5 6. Nd2 Nf6 7. f4 Bd6 8. Ngf3 Ng4
9. Nf1 O-O 10. Bxh7+ Kh8 11. h3 Nf6 12. Bc2 Ne4 13. Bxe4 dxe4 14. Ng5 Qf6 15.
Qh5+ Qh6 16. Nxf7+ Rxf7 17. Qxf7 Nd7 18. Ng3 Qh4 19. Qh5+ Qxh5 20. Nxh5 Bb7 21.
h4 Rf8 22. Rf1 g6 23. Ng3 Nf6 24. Rh1 Nh5 25. Nxh5 gxh5 26. Bd2 Rg8 27. Rg1 Be7
28. g3 Bxh4 29. O-O-O Bxg3 30. Be1 h4 31. Bxg3 hxg3 32. Rg2 Bc6 33. Rh1+ Kg7
34. Rxg3+ Kf8 35. Rxg8+ Kxg8 36. Rh5 Kf7 37. Rc5 Bd7 38. Rc7 Ke7 39. Rxa7 Kd6
40. Kc2 Kc6 41. b3 Bc8 42. bxc4 bxc4 43. Ra5 Kb6 44. Re5 Kc6 45. a4 Kb6 46.
Rb5+ Ka6 47. Rc5 Bd7 48. Rxc4 Ka5 49. Rc5+ Kxa4 50. Re5 Bc6 51. Rxe6 Bd5 52.
Re5 Bb3+ 53. Kb2 Bd5 54. f5 Bc6 55. f6 Bd5 56. Rxe4 Bxe4 57. f7 Kb5 58. f8=Q
Kc4 59. Qf1+ Kd5 60. c4+ Kc6 61. Qf6+ 1-0

[Event "2022 John Brooke Cup"]
[Site "Woodvale, Perth WA AUS"]
[Date "2022.09.14"]
[Round "6"]
[White "Watson, Jake"]
[Black "Powell, Darren"]
[Result "0-1"]
[EventDate "2022.08.10"]
[EventType "swiss"]
[EventRounds "7"]
[EventCountry "AUS"]
[TimeControl "3600+30"]
[WhiteElo "1085"]
[BlackElo "1232"]
[ECO "C41"]
[PlyCount "62"]

1. e4 e5 2. Nf3 d6 3. c3 Nf6 4. Qc2 b6 5. d4 Nbd7 6. Bb5 Bb7 7. d5 a6 8. Bc6
Bxc6 9. dxc6 Nc5 10. O-O h6 11. Nbd2 b5 12. c4 Qb8 13. b4 Ne6 14. c5 dxc5 15.
bxc5 Bxc5 16. Nxe5 O-O 17. Qb3 Nd4 18. Qc3 Ne2+ 19. Kh1 Nxc3 20. Nb3 Qb6 21.
Bd2 Bd4 22. Be3 Bxe3 23. fxe3 Qxe3 24. Rfe1 Qf4 25. Nd3 Qh4 26. Ne5 Ncxe4 27.
Nf3 Qf4 28. Nbd4 Rae8 29. Ne2 Qd6 30. Rac1 g5 31. Red1 Nf2+ 0-1

[Event "2022 John Brooke Cup"]
[Site "Woodvale, Perth WA AUS"]
[Date "2022.09.14"]
[Round "6"]
[White "Leech, Martin"]
[Black "De Vas, Senudi"]
[Result "1-0"]
[EventDate "2022.08.10"]
[EventType "swiss"]
[EventRounds "7"]
[EventCountry "AUS"]
[TimeControl "3600+30"]
[WhiteElo "1476"]
[BlackElo "1050"]
[ECO "C02"]
[PlyCount "53"]

1. e4 e6 2. d4 d5 3. e5 c5 4. c3 Nc6 5. Nf3 Qb6 6. a3 Bd7 7. b4 cxb4 8. axb4 a5
9. Be2 f6 10. exf6 Nxf6 11. O-O Bd6 12. Bg5 Be7 13. Ne5 Bc8 14. Bh5+ g6 15. Be2
Nxe5 16. dxe5 Ne4 17. Be3 Qc7 18. Bd4 Bd7 19. f3 Ng5 20. Nd2 h5 21. Bd3 Kf7 22.
Qc2 axb4 23. Bxg6+ Kg7 24. f4 Nh7 25. Bxh5 bxc3 26. Qg6+ Kf8 27. Qf7# 1-0

[Event "2022 John Brooke Cup"]
[Site "Woodvale, Perth WA AUS"]
[Date "2022.09.14"]
[Round "6"]
[White "Rennie, Mike"]
[Black "Lanham, Bruce"]
[Result "0-1"]
[EventDate "2022.08.10"]
[EventType "swiss"]
[EventRounds "7"]
[EventCountry "AUS"]
[TimeControl "3600+30"]
[WhiteElo "880"]
[BlackElo "1168"]
[ECO "B01"]
[PlyCount "106"]

1. e4 d5 2. Bb5+ c6 3. Bd3 dxe4 4. Bxe4 Nf6 5. Qf3 Nbd7 6. d4 Nxe4 7. Qxe4 Nf6
8. Qd3 g6 9. Ne2 Bg7 10. O-O O-O 11. b4 Nd5 12. Ba3 Bg4 13. Nbc3 Nxc3 14. Nxc3
Qxd4 15. Bb2 Qxb4 16. Rab1 Rad8 17. Qe3 e6 18. a3 Qd4 19. Ne2 Qxe3 20. fxe3
Bxe2 21. Rfe1 Bg4 22. Bxg7 Kxg7 23. Rxb7 Rd2 24. Rxa7 Rxc2 25. Rc7 Rd8 26. h3
Be2 27. Kf2 Bb5+ 28. Kg3 Ra2 29. Rb1 Rxa3 30. Kf4 Rdd3 31. Rc1 Rxe3 32. Rc5
Rec3 33. Re5 Kf6 34. Re4 Rc4 35. g4 Rxe4+ 36. Kxe4 Rxh3 37. Kd4 Rg3 38. Kc5
Rxg4 39. Kb6 h5 40. Rd7 h4 41. Kc7 c5 42. Rd6 Rd4 43. Rb6 Bd3 44. Rb3 Bf5 45.
Rb5 c4 46. Kc6 h3 47. Kc5 Rd5+ 48. Kxc4 Rxb5 49. Kxb5 h2 50. Kc6 h1=Q+ 51. Kd7
e5+ 52. Ke8 Qd1 53. Kf8 Qd8# 0-1

[Event "2022 Wolfgang Leonhardt Cup"]
[Site "Woodvale, Perth WA AUS"]
[Date "2022.09.21"]
[Round "7"]
[White "Hernandez Mendez, Iker"]
[Black "Gibson, Jacob"]
[Result "1-0"]
[EventDate "2022.08.10"]
[EventType "swiss"]
[EventRounds "7"]
[EventCountry "AUS"]
[TimeControl "3600+30"]
[WhiteElo "1826"]
[BlackElo "1864"]
[ECO "B52"]
[PlyCount "53"]

1. e4 c5 2. Nf3 d6 3. Bb5+ Bd7 4. Bxd7+ Qxd7 5. O-O Nc6 6. Re1 g6 7. c3 Bg7 8.
d4 Nf6 9. Nbd2 O-O 10. d5 Nd8 11. a4 e5 12. Nc4 Nh5 13. Nfd2 f5 14. exf5 Qxf5
15. Ne4 Nf6 16. Nexd6 Qd7 17. Rxe5 Nf7 18. Re6 Nxd6 19. Nxd6 Rad8 20. Bg5 h6
21. Bh4 g5 22. Bg3 h5 23. h4 g4 24. Qd2 Kh7 25. Qg5 Bh6 26. Qf5+ Kg7 27. Be5
1-0

[Event "2022 Wolfgang Leonhardt Cup"]
[Site "Woodvale, Perth WA AUS"]
[Date "2022.09.21"]
[Round "7"]
[White "De Vas, Saminda"]
[Black "Maris, Rob"]
[Result "1/2-1/2"]
[EventDate "2022.08.10"]
[EventType "swiss"]
[EventRounds "7"]
[EventCountry "AUS"]
[TimeControl "3600+30"]
[WhiteElo "2031"]
[BlackElo "2072"]
[ECO "E12"]
[PlyCount "37"]

1. d4 Nf6 2. c4 e6 3. Nf3 b6 4. Bg5 Bb7 5. e3 Be7 6. Nbd2 Ne4 7. Bxe7 Qxe7 8.
a3 d6 9. Nxe4 Bxe4 10. Bd3 Bxd3 11. Qxd3 Nd7 12. O-O c5 13. b4 O-O 14. bxc5
bxc5 15. Rfb1 Rab8 16. a4 e5 17. Qc2 a6 18. a5 Rfc8 19. d5 1/2-1/2

[Event "2022 Wolfgang Leonhardt Cup"]
[Site "Woodvale, Perth WA AUS"]
[Date "2022.09.21"]
[Round "7"]
[White "Saxon, Marc"]
[Black "Maggs, Derwent"]
[Result "0-1"]
[EventDate "2022.08.10"]
[EventType "swiss"]
[EventRounds "7"]
[EventCountry "AUS"]
[TimeControl "3600+30"]
[WhiteElo "2015"]
[BlackElo "2340"]
[ECO "B18"]
[PlyCount "86"]

1. e4 c6 2. d4 d5 3. Nc3 dxe4 4. Nxe4 Bf5 5. Ng3 Bg6 6. Nf3 Nd7 7. c4 e6 8. Bf4
Bb4+ 9. Bd2 Be7 10. Bc3 Ngf6 11. h4 Nh5 12. Ne2 Ndf6 13. Ne5 Ne4 14. g3 O-O 15.
Bg2 Nxc3 16. bxc3 f5 17. Nxg6 hxg6 18. Bf3 Bd6 19. c5 Bc7 20. Qb3 Qc8 21. O-O
Nf6 22. Rfe1 Re8 23. Rab1 Rb8 24. Nc1 Kh7 25. Nd3 f4 26. Ne5 fxg3 27. fxg3 Nd7
28. Nf7 Nf8 29. Bg4 Bxg3 30. Re3 Qc7 31. Ng5+ Kh8 32. Bxe6 Qf4 33. Nf7+ Kh7 34.
Ng5+ Kh6 35. Rf3 Qxh4 36. Nf7+ Kh7 37. c4 Qh2+ 38. Kf1 Qh1+ 39. Ke2 Rxe6+ 40.
Ne5 Qg2+ 41. Kd1 Bxe5 42. Rb2 Qg1+ 43. Kc2 Bxd4 0-1

[Event "2022 Wolfgang Leonhardt Cup"]
[Site "Woodvale, Perth WA AUS"]
[Date "2022.09.21"]
[Round "7"]
[White "Leonhardt, Wolfgang"]
[Black "Janceski, Alex"]
[Result "0-1"]
[EventDate "2022.08.10"]
[EventType "swiss"]
[EventRounds "7"]
[EventCountry "AUS"]
[TimeControl "3600+30"]
[WhiteElo "1776"]
[BlackElo "1930"]
[ECO "B86"]
[PlyCount "36"]

1. e4 c5 2. Nf3 d6 3. Bc4 e6 4. d4 cxd4 5. Nxd4 Nf6 6. Nc3 a6 7. a4 Be7 8. O-O
O-O 9. Be3 Qc7 10. Bd3 Nbd7 11. a5 b5 12. axb6 Nxb6 13. Qe2 Bb7 14. Nf3 d5 15.
exd5 Nfxd5 16. Nxd5 Nxd5 17. Ra4 Qc6 18. Be4 Qxa4 0-1

[Event "2022 Wolfgang Leonhardt Cup"]
[Site "Woodvale, Perth WA AUS"]
[Date "2022.09.21"]
[Round "7"]
[White "List, Ross"]
[Black "Doshi, Chirag"]
[Result "1/2-1/2"]
[EventDate "2022.08.10"]
[EventType "swiss"]
[EventRounds "7"]
[EventCountry "AUS"]
[TimeControl "3600+30"]
[WhiteElo "1755"]
[BlackElo "1825"]
[ECO "D36"]
[PlyCount "49"]

1. d4 d5 2. c4 e6 3. Nc3 Nf6 4. cxd5 exd5 5. Bg5 Be7 6. e3 c6 7. Bd3 O-O 8. Qc2
h6 9. Bh4 Na6 10. a3 Nc7 11. h3 Ne6 12. Nf3 Bd7 13. O-O Rc8 14. Bg3 c5 15. Qd1
cxd4 16. exd4 Qb6 17. Na4 Bxa4 18. Qxa4 Qxb2 19. Rfb1 Qc3 20. Bf1 a6 21. Qd1
Qc2 22. Qxc2 Rxc2 23. Rxb7 Bd8 24. Bxa6 Ne4 25. a4 1/2-1/2

[Event "2022 Wolfgang Leonhardt Cup"]
[Site "Woodvale, Perth WA AUS"]
[Date "2022.09.21"]
[Round "7"]
[White "Clarke, Daniel"]
[Black "Oswald, Franz"]
[Result "1-0"]
[EventDate "2022.08.10"]
[EventType "swiss"]
[EventRounds "7"]
[EventCountry "AUS"]
[TimeControl "3600+30"]
[WhiteElo "1784"]
[BlackElo "1551"]
[ECO "B19"]
[PlyCount "97"]

1. e4 c6 2. d4 d5 3. Nc3 dxe4 4. Nxe4 Bf5 5. Ng3 Bg6 6. h4 h6 7. Nf3 Nd7 8. h5
Bh7 9. Bd3 Bxd3 10. Qxd3 e6 11. Bf4 Qa5+ 12. Bd2 Bb4 13. c3 Be7 14. c4 Qc7 15.
O-O-O Ngf6 16. Kb1 O-O 17. Ne4 Nxe4 18. Qxe4 Nf6 19. Qe2 c5 20. Bc3 cxd4 21.
Nxd4 Qf4 22. Ka1 Qe4 23. f3 Qxe2 24. Nxe2 Rfd8 25. g4 Rxd1+ 26. Rxd1 Rd8 27.
Rd4 Rxd4 28. Bxd4 b6 29. Nc3 Nd7 30. a3 f5 31. Nb5 e5 32. Be3 fxg4 33. fxg4 a6
34. Nc7 a5 35. b4 axb4 36. Nd5 Bc5 37. Bxc5 Nxc5 38. axb4 Nd3 39. Kb1 e4 40.
Kc2 Kf7 41. Kd2 Ke6 42. Ke3 Ke5 43. b5 Nc5 44. Nxb6 Nb7 45. Nd7+ Kd6 46. c5+
Nxc5 47. Nxc5 Kxc5 48. Kxe4 Kxb5 49. Kf5 1-0

[Event "2022 Wolfgang Leonhardt Cup"]
[Site "Woodvale, Perth WA AUS"]
[Date "2022.09.21"]
[Round "7"]
[White "Gough, Dylan"]
[Black "De Vas, Yonal"]
[Result "0-1"]
[EventDate "2022.08.10"]
[EventType "swiss"]
[EventRounds "7"]
[EventCountry "AUS"]
[TimeControl "3600+30"]
[WhiteElo "1710"]
[BlackElo "1523"]
[ECO "D35"]
[PlyCount "90"]

1. d4 d5 2. c4 e6 3. Nc3 Nf6 4. e3 c5 5. cxd5 cxd4 6. Qxd4 exd5 7. Be2 Nc6 8.
Qd1 Bb4 9. Bd2 O-O 10. Nf3 Ne4 11. Nxe4 dxe4 12. Bxb4 Qxd1+ 13. Bxd1 Nxb4 14.
Nd4 Nd3+ 15. Ke2 Nxb2 16. Bc2 f5 17. Rab1 Nd3 18. Bxd3 exd3+ 19. Kxd3 f4 20.
Rhf1 b6 21. Rbc1 Ba6+ 22. Kd2 fxe3+ 23. Kxe3 Bxf1 24. Rxf1 Rae8+ 25. Kd3 Rd8
26. Kc3 Rc8+ 27. Kb3 Rfd8 28. Nf3 Rd3+ 29. Kb2 a5 30. Re1 Rdc3 31. Re2 a4 32.
a3 Rb3+ 33. Ka2 Rcc3 34. Ng5 Rxa3+ 35. Kb1 Rcb3+ 36. Rb2 Rxb2+ 37. Kxb2 Rb3+
38. Ka2 b5 39. Ne4 b4 40. Nc5 Rc3 41. Ne4 Rc2+ 42. Kb1 Re2 43. Nc5 Rxf2 44.
Nxa4 Rxg2 45. h3 Rh2 0-1

[Event "2022 Wolfgang Leonhardt Cup"]
[Site "Woodvale, Perth WA AUS"]
[Date "2022.09.21"]
[Round "7"]
[White "Hintz, Steven"]
[Black "Garang, Kuol Awan"]
[Result "0-1"]
[EventDate "2022.08.10"]
[EventType "swiss"]
[EventRounds "7"]
[EventCountry "AUS"]
[TimeControl "3600+30"]
[WhiteElo "1572"]
[BlackElo "1645"]
[ECO "A21"]
[PlyCount "118"]

1. c4 e5 2. Nc3 Bb4 3. Qc2 Nc6 4. e3 Nf6 5. g3 Bxc3 6. Qxc3 d5 7. Bg2 O-O 8. d3
Re8 9. Ne2 Bg4 10. f3 d4 11. Qa3 Bc8 12. O-O Qe7 13. Qxe7 Rxe7 14. e4 Nb4 15.
Rd1 Nc2 16. Rb1 Bd7 17. b3 a5 18. Rb2 Nb4 19. a3 Na6 20. Bd2 b6 21. g4 Nc5 22.
Bg5 Re6 23. Ng3 g6 24. h3 Kg7 25. f4 Rc8 26. f5 Rd6 27. Bf3 h6 28. Bc1 Ng8 29.
Bg2 Ne7 30. Bf1 c6 31. Bd2 Ra8 32. Rc1 Rf6 33. g5 hxg5 34. Bxg5 gxf5 35. Bxf6+
Kxf6 36. exf5 Bxf5 37. Nxf5 Kxf5 38. b4 Ne6 39. Bg2 Nf4 40. Be4+ Ke6 41. Rd1
Nxh3+ 42. Kh1 Rh8 43. Kg2 Nf4+ 44. Kg1 f5 45. Bg2 Rg8 46. Kf1 Rg3 47. Rbd2 c5
48. b5 Neg6 49. Bb7 Nh4 50. Rh2 Nf3 51. Rh6+ Kd7 52. Kf2 Rg2+ 53. Kxf3 Re2 54.
Rhh1 Re3+ 55. Kf2 Nxd3+ 56. Kg2 Nf4+ 57. Kf2 Rxa3 58. Bf3 Rc3 59. Rc1 Nd3+ 0-1

[Event "2022 John Brooke Cup"]
[Site "Woodvale, Perth WA AUS"]
[Date "2022.09.21"]
[Round "7"]
[White "Browning, Thomas"]
[Black "Boswarva, Ernest"]
[Result "1-0"]
[EventDate "2022.08.10"]
[EventType "swiss"]
[EventRounds "7"]
[EventCountry "AUS"]
[TimeControl "3600+30"]
[WhiteElo "1496"]
[BlackElo "1506"]
[ECO "D37"]
[PlyCount "84"]

1. d4 d5 2. c4 c6 3. Nf3 e6 4. Nc3 Nd7 5. Bf4 Ngf6 6. h3 Bb4 7. a3 Bxc3+ 8.
bxc3 dxc4 9. e3 b5 10. Qb1 Nd5 11. Qb2 Nxf4 12. exf4 Nf6 13. Ne5 Bb7 14. a4 a6
15. Be2 Nd5 16. Bxc4 Nxf4 17. O-O Qg5 18. g3 Nxh3+ 19. Kh2 Qh6 20. axb5 cxb5
21. Bxb5+ Kf8 22. Qb4+ Kg8 23. f3 Nf4+ 24. Kg1 Nd5 25. Qd6 Qe3+ 26. Kh2 Qxc3
27. Bxa6 Qc7 28. Qxc7 Nxc7 29. Bxb7 Rd8 30. Nc6 Re8 31. Ra5 g6 32. Ne5 Kg7 33.
Rc1 Re7 34. Rac5 Ne8 35. Ba6 Nf6 36. Rc8 Nd5 37. Rxh8 Kxh8 38. Rc8+ Kg7 39. Bc4
Ne3 40. Bd3 f6 41. Ng4 Rd7 42. Nxe3 Rxd4 1-0

[Event "2022 John Brooke Cup"]
[Site "Woodvale, Perth WA AUS"]
[Date "2022.09.21"]
[Round "7"]
[White "Brooke, John"]
[Black "Powell, Darren"]
[Result "1/2-1/2"]
[EventDate "2022.08.10"]
[EventType "swiss"]
[EventRounds "7"]
[EventCountry "AUS"]
[TimeControl "3600+30"]
[WhiteElo "1346"]
[BlackElo "1232"]
[ECO "E61"]
[PlyCount "182"]

1. c4 g6 2. d4 Bg7 3. Nf3 Nf6 4. Nc3 b6 5. e4 O-O 6. h3 h6 7. Bf4 a6 8. a4 Bb7
9. Qc2 e6 10. Be2 d5 11. e5 Ne4 12. Na2 c5 13. Rd1 Qe7 14. O-O a5 15. Nc1 Na6
16. Nd3 Rac8 17. b3 Nb4 18. Nxb4 cxb4 19. Bd3 Nc3 20. Rc1 dxc4 21. Bxc4 Bxf3
22. gxf3 Qh4 23. Bh2 Qxh3 24. Qd3 Rfd8 25. Rfe1 h5 26. Rc2 Qh4 27. f4 Bh6 28.
Qg3 Qe7 29. Rd2 Nd5 30. Re4 Kh8 31. Qf3 f5 32. Re1 Qf7 33. Kf1 Rg8 34. Red1 Rg7
35. Rc2 g5 36. Ke1 gxf4 37. Rdc1 Rcg8 38. Bxd5 exd5 39. Ke2 Rg2 40. Bxf4 Bxf4
41. Qxf4 Qg6 42. Rc6 Qg4+ 43. Qxg4 fxg4 44. Rh6+ Kg7 45. Rxh5 Kg6 46. Rhh1 Kg5
47. Rcg1 Rxg1 48. Rxg1 Kf5 49. Ke3 Rc8 50. Rd1 Rc3+ 51. Rd3 Rc1 52. Ke2 Rh1 53.
Rg3 Rh4 54. Ke3 Rh1 55. Ke2 Kf4 56. e6 Rh7 57. f3 gxf3+ 58. Rxf3+ Ke4 59. Rf7
Rh8 60. e7 Re8 61. Rh7 Kxd4 62. Rh4+ Kc5 63. Rh7 Kd6 64. Rh6+ Kc7 65. Re6 Kd7
66. Rxb6 Rxe7+ 67. Kd3 Ke8 68. Rd6 Rc7 69. Rxd5 Rc3+ 70. Kd4 Rxb3 71. Rxa5 Rb1
72. Rb5 b3 73. Kc3 Ra1 74. Kxb3 Kd7 75. Kb4 Kc6 76. Ka5 Kd6 77. Rb4 Kc5 78. Rg4
Kd5 79. Kb5 Rb1+ 80. Rb4 Rc1 81. a5 Rc5+ 82. Ka4 Rc1 83. Rb5+ Kc4 84. Rb4+ Kc5
85. Rb3 Rc4+ 86. Ka3 Rc1 87. Rb2 Rc3+ 88. Rb3 Rc1 89. Ka4 Rc4+ 90. Ka3 Rh4 91.
a6 Rh6 1/2-1/2